General information
- name: BNet
- type: Ladder team game (AT/RT)
- host: Battle.net
- saver: OrderInChaos
map: Cherryville
- players: 8
- length: 20:14
- speed: Fast
- version: 1.26 W3XP
- replay type: Public
» download(142 KB)
Players
team 1 (winner)
pauperofthesurf (
teal | 87 APM | 1750 actions | 20:09)
5 Death Knight
3 Death Coil
2 Unholy Aura
4 Crypt Lord
2 Impale
2 Spiked Carapace
1 Dreadlord
1 Sleep
» actions
| Assign group hotkey | 41 | |
| Basic commands | 11 | |
| Build / train | 72 | |
| Enter build submenu | 20 | |
| Enter hero's abilities submenu | 10 | |
| Give item / drop item | 1 | |
| Right click | 722 | |
| Select / deselect | 225 | |
| Select group hotkey | 556 | |
| Use ability | 92 | |
1750 total
» units
| Acolyte | 14 | |
| Ghoul | 6 | |
| Crypt Fiend | 7 | |
| Frost Wyrm | 6 | |
33 total
» upgrades
| Creature Attack | 3 | |
| Web | 1 | |
| Creature Carapace | 2 | |
| Freezing Breath | 1 | |
7 total
» buildings
| Crypt | 1 | |
| Ziggurat | 8 | |
| Graveyard | 1 | |
| Altar of Darkness | 1 | |
| Tomb of Relics | 1 | |
| Necropolis | 3 | |
| Halls of the Dead | 1 | |
| Spirit Tower | 1 | |
| Nerubian Tower | 2 | |
| Black Citadel | 1 | |
| Sacrificial Pit | 1 | |
| Boneyard | 3 | |
24 total
» build order
00:06 Crypt
00:07 Ziggurat
00:37 Graveyard
00:57 Altar of Darkness
01:22 Tomb of Relics
01:46 Ziggurat
03:50 Necropolis
04:04 Ziggurat
04:42 Halls of the Dead
05:51 Spirit Tower
05:52 Ziggurat
07:10 Nerubian Tower
07:12 Black Citadel
07:51 Sacrificial Pit
09:25 Nerubian Tower
11:02 Boneyard
11:30 Boneyard
11:51 Boneyard
12:00 Necropolis
12:02 Necropolis
13:46 Ziggurat
16:47 Ziggurat
17:24 Ziggurat
17:56 Ziggurat
» items
| Rod of Necromancy | 4 | |
| Sacrificial Skull | 1 | |
| Healing Salve | 1 | |
| Potion of Mana | 2 | |
| Dust of Appearance | 1 | |
| Potion of Healing | 1 | |
| Scroll of Town Portal | 3 | |
| Orb of Corruption | 1 | |
14 total
WarFreakz (
pink | 50 APM | 1003 actions | 20:09)
4 Tauren Chieftain
2 Shockwave
2 Endurance Aura
2 Pandaren Brewmaster
1 Breath of Fire
1 Drunken Brawler
2 Shadow Hunter
1 Healing Wave
1 Hex
» actions
| Assign group hotkey | 30 | |
| Basic commands | 56 | |
| Build / train | 69 | |
| Enter build submenu | 23 | |
| Enter hero's abilities submenu | 9 | |
| Give item / drop item | 4 | |
| Right click | 353 | |
| Select / deselect | 173 | |
| Select group hotkey | 221 | |
| Use ability | 65 | |
1003 total
» units
| Peon | 11 | |
| Troll Headhunter/Berserker | 19 | |
| Troll Witch Doctor | 2 | |
| Shaman | 2 | |
34 total
» upgrades
| Ranged Weapons | 2 | |
| Armor | 2 | |
| Troll Regeneration | 1 | |
| Witch Doctor Training | 2 | |
| Berserker Upgrade | 1 | |
| Shaman Training | 2 | |
10 total
» buildings
| Orc Burrow | 7 | |
| Altar of Storms | 1 | |
| War Mill | 1 | |
| Barracks | 2 | |
| Voodoo Lounge | 1 | |
| Stronghold | 1 | |
| Watch Tower | 4 | |
| Great Hall | 3 | |
| Fortress | 1 | |
| Spirit Lodge | 1 | |
22 total
» build order
00:08 Orc Burrow
00:13 Altar of Storms
00:55 War Mill
01:15 Barracks
01:50 Orc Burrow
02:12 Voodoo Lounge
04:41 Stronghold
05:19 Orc Burrow
06:18 Watch Tower
06:23 Watch Tower
07:07 Great Hall
07:51 Watch Tower
07:59 Watch Tower
08:59 Fortress
09:02 Spirit Lodge
09:33 Orc Burrow
12:07 Great Hall
14:59 Barracks
17:12 Orc Burrow
17:16 Orc Burrow
17:20 Orc Burrow
18:14 Great Hall
» items
| Healing Salve | 1 | |
| Lesser Clarity Potion | 1 | |
| Scroll of Town Portal | 3 | |
| Potion of Healing | 5 | |
| Orb of Lightning | 2 | |
12 total
tinkdo (
green | 70 APM | 1407 actions | 20:09)
6 Archmage
3 Summon Water Elemental
2 Brilliance Aura
1 Mass Teleport
» actions
| Assign group hotkey | 16 | |
| Basic commands | 38 | |
| Build / train | 49 | |
| Enter build submenu | 23 | |
| Enter hero's abilities submenu | 6 | |
| Right click | 618 | |
| Select / deselect | 139 | |
| Select group hotkey | 470 | |
| Use ability | 48 | |
1407 total
» units
» upgrades
| Lumber Harvesting | 2 | |
| Swords | 3 | |
| Storm Hammers | 1 | |
| Armor | 2 | |
8 total
» buildings
| Farm | 11 | |
| Altar of Kings | 1 | |
| Keep | 2 | |
| Scout Tower | 1 | |
| Lumber Mill | 1 | |
| Arcane Tower | 2 | |
| Arcane Vault | 1 | |
| Castle | 1 | |
| Gryphon Aviary | 2 | |
| Blacksmith | 1 | |
23 total
» build order
00:46 Farm
00:57 Altar of Kings
01:53 Keep
02:08 Scout Tower
02:24 Lumber Mill
02:36 Arcane Tower
02:46 Farm
03:14 Arcane Vault
04:04 Farm
04:15 Castle
04:25 Gryphon Aviary
04:38 Gryphon Aviary
04:58 Blacksmith
05:47 Farm
06:28 Farm
08:15 Farm
09:51 Farm
10:39 Farm
11:32 Farm
14:14 Farm
15:13 Farm
» items
| Scroll of Town Portal | 4 | |
| Scroll of Regeneration | 1 | |
| Staff of Sanctuary | 1 | |
6 total
OrderInChaos (
blue | 51 APM | 1030 actions | 20:14)
5 Blood Mage
3 Flame Strike
2 Siphon Mana
» actions
| Assign group hotkey | 57 | |
| Basic commands | 16 | |
| Build / train | 71 | |
| Enter build submenu | 42 | |
| Enter hero's abilities submenu | 5 | |
| Give item / drop item | 1 | |
| Remove unit from queue | 11 | |
| Right click | 370 | |
| Select / deselect | 247 | |
| Select group hotkey | 104 | |
| Use ability | 106 | |
1030 total
» units
| Peasant | 12 | |
| Footman | 3 | |
| Goblin Shredder | 1 | |
| Gryphon Rider | 4 | |
20 total
» upgrades
| Masonry | 1 | |
| Sorceress Training | 1 | |
| Magic Sentry | 1 | |
| Storm Hammers | 1 | |
| Swords | 1 | |
| Armor | 1 | |
6 total
» buildings
| Altar of Kings | 1 | |
| Barracks | 1 | |
| Farm | 5 | |
| Scout Tower | 25 | |
| Arcane Tower | 1 | |
| Lumber Mill | 1 | |
| Keep | 1 | |
| Town Hall | 1 | |
| Arcane Vault | 1 | |
| Guard Tower | 13 | |
| Castle | 1 | |
| Arcane Sanctum | 1 | |
| Gryphon Aviary | 3 | |
| Blacksmith | 2 | |
57 total
» build order
00:44 Altar of Kings
00:45 Barracks
00:50 Farm
00:54 Farm
01:06 Farm
01:54 Farm
02:36 Scout Tower
03:07 Arcane Tower
03:15 Lumber Mill
03:28 Keep
04:03 Town Hall
04:23 Arcane Vault
04:41 Scout Tower
04:44 Scout Tower
04:48 Scout Tower
04:52 Scout Tower
05:08 Guard Tower
06:13 Castle
06:25 Guard Tower
07:11 Guard Tower
07:33 Arcane Sanctum
07:45 Scout Tower
07:47 Scout Tower
07:50 Scout Tower
07:51 Scout Tower
08:37 Guard Tower
08:44 Guard Tower
09:43 Scout Tower
09:45 Scout Tower
09:53 Scout Tower
09:54 Scout Tower
09:55 Scout Tower
10:34 Scout Tower
10:36 Scout Tower
10:39 Scout Tower
10:41 Scout Tower
10:43 Scout Tower
10:47 Scout Tower
11:06 Guard Tower
11:09 Guard Tower
11:10 Guard Tower
11:10 Guard Tower
11:12 Guard Tower
11:31 Guard Tower
11:34 Scout Tower
11:37 Scout Tower
11:38 Scout Tower
11:40 Scout Tower
11:42 Scout Tower
13:28 Guard Tower
15:42 Gryphon Aviary
15:48 Gryphon Aviary
15:50 Gryphon Aviary
16:48 Farm
18:10 Blacksmith
18:12 Blacksmith
» items
| Scroll of Regeneration | 5 | |
| Scroll of Town Portal | 1 | |
| Lesser Clarity Potion | 2 | |
| Potion of Mana | 1 | |
| Mechanical Critter | 3 | |
| Potion of Invisibility | 2 | |
| Staff of Teleportation | 1 | |
| Potion of Healing | 1 | |
16 total
team 2 (loser)
fortuneteller (
yellow | 51 APM | 1034 actions | 20:09)
3 Blademaster
1 Wind Walk
2 Critical Strike
2 Tauren Chieftain
1 Shockwave
1 Endurance Aura
» actions
| Basic commands | 1 | |
| Build / train | 53 | |
| Enter build submenu | 15 | |
| Enter hero's abilities submenu | 5 | |
| Give item / drop item | 2 | |
| Right click | 619 | |
| Select / deselect | 294 | |
| Use ability | 45 | |
1034 total
» units
» upgrades
| Ranged Weapons | 3 | |
| Armor | 2 | |
| Envenomed Spears | 1 | |
| Shaman Training | 2 | |
| Reinforced Defenses | 1 | |
9 total
» buildings
| Altar of Storms | 1 | |
| Orc Burrow | 6 | |
| Voodoo Lounge | 1 | |
| War Mill | 1 | |
| Stronghold | 1 | |
| Watch Tower | 1 | |
| Beastiary | 2 | |
| Fortress | 1 | |
| Spirit Lodge | 1 | |
| Great Hall | 1 | |
16 total
» build order
00:16 Altar of Storms
00:18 Orc Burrow
01:17 Orc Burrow
02:13 Voodoo Lounge
02:24 War Mill
03:35 Orc Burrow
03:47 Stronghold
04:41 Orc Burrow
05:02 Orc Burrow
05:10 Watch Tower
05:50 Orc Burrow
06:10 Beastiary
06:12 Beastiary
06:34 Fortress
09:41 Spirit Lodge
15:45 Great Hall
» items
| Healing Salve | 3 | |
| Orb of Lightning | 1 | |
| Scroll of Town Portal | 1 | |
5 total
bruuzer (
orange | 46 APM | 916 actions | 19:57)
4 Blademaster
2 Critical Strike
2 Wind Walk
3 Shadow Hunter
2 Hex
1 Healing Wave
» actions
| Assign group hotkey | 13 | |
| Build / train | 60 | |
| Enter build submenu | 20 | |
| Enter hero's abilities submenu | 7 | |
| Give item / drop item | 2 | |
| Right click | 240 | |
| Select / deselect | 219 | |
| Select group hotkey | 294 | |
| Use ability | 61 | |
916 total
» units
| Peon | 17 | |
| Grunt | 14 | |
| Tauren | 4 | |
| Siege Engine | 2 | |
37 total
» upgrades
| Melee Weapons | 1 | |
| Armor | 2 | |
| Berserker Strength | 1 | |
| Pillage | 1 | |
| Reinforced Defenses | 1 | |
| Pulverize | 1 | |
| Ensnare | 1 | |
8 total
» buildings
| Barracks | 1 | |
| Orc Burrow | 6 | |
| Altar of Storms | 1 | |
| Voodoo Lounge | 1 | |
| Stronghold | 1 | |
| War Mill | 1 | |
| Great Hall | 3 | |
| Fortress | 1 | |
| Watch Tower | 3 | |
| Tauren Totem | 2 | |
| Beastiary | 2 | |
22 total
» build order
00:26 Barracks
00:39 Orc Burrow
00:58 Altar of Storms
01:27 Orc Burrow
02:02 Orc Burrow
02:35 Voodoo Lounge
04:21 Stronghold
04:45 War Mill
05:51 Great Hall
05:55 Orc Burrow
08:57 Fortress
09:02 Watch Tower
09:02 Watch Tower
09:07 Watch Tower
09:26 Orc Burrow
11:29 Great Hall
12:20 Tauren Totem
12:24 Tauren Totem
14:37 Great Hall
17:22 Beastiary
17:30 Beastiary
18:05 Orc Burrow
» items
| Healing Salve | 3 | |
| Scroll of Town Portal | 1 | |
4 total

»
tatties (
red | 28 APM | 555 actions | 20:09)
3 Warden
2 Fan of Knives
1 Blink
» actions
| Assign group hotkey | 2 | |
| Build / train | 65 | |
| Enter build submenu | 20 | |
| Enter hero's abilities submenu | 3 | |
| Right click | 227 | |
| Select / deselect | 174 | |
| Select group hotkey | 3 | |
| Use ability | 61 | |
555 total
» units
| Wisp | 24 | |
| Hippogryph | 18 | |
| Chimaera | 3 | |
45 total
» upgrades
| Well Spring | 1 | |
| Strength of the Wild | 3 | |
| Reinforced Hides | 3 | |
| Corrosive Breath | 1 | |
8 total
» buildings
| Altar of Elders | 1 | |
| Moon Well | 8 | |
| Hunter's Hall | 1 | |
| Ancient Protector | 3 | |
| Tree of Ages | 1 | |
| Tree of Life | 1 | |
| Tree of Eternity | 1 | |
| Ancient of Wind | 2 | |
| Chimaera Roost | 3 | |
21 total
» build order
00:26 Altar of Elders
00:38 Moon Well
01:37 Hunter's Hall
03:01 Ancient Protector
03:05 Ancient Protector
03:10 Ancient Protector
03:27 Moon Well
04:17 Tree of Ages
04:59 Moon Well
06:32 Tree of Life
06:41 Tree of Eternity
06:44 Moon Well
06:52 Ancient of Wind
08:33 Moon Well
08:36 Moon Well
08:38 Moon Well
08:39 Moon Well
09:36 Chimaera Roost
09:41 Chimaera Roost
11:03 Chimaera Roost
14:50 Ancient of Wind
» items
| Healing Salve | 1 | |
| Lesser Clarity Potion | 4 | |
| Orb of Lightning | 1 | |
6 total

»
Baskee (
purple | 65 APM | 1089 actions | 16:39)
5 Mountain King
3 Storm Bolt
2 Bash
» actions
| Basic commands | 2 | |
| Build / train | 65 | |
| Enter build submenu | 20 | |
| Enter hero's abilities submenu | 6 | |
| Right click | 545 | |
| Select / deselect | 409 | |
| Use ability | 42 | |
1089 total
» units
| Peasant | 25 | |
| Rifleman | 9 | |
| Goblin Shredder | 1 | |
| Mortar Team | 1 | |
| Siege Engine | 3 | |
39 total
» upgrades
| Gunpowder | 2 | |
| Armor | 2 | |
| Long Rifles | 1 | |
| Masonry | 3 | |
| Fragmentation Shards | 1 | |
| Flare | 1 | |
| Barrage | 1 | |
11 total
» buildings
| Altar of Kings | 1 | |
| Farm | 9 | |
| Blacksmith | 1 | |
| Barracks | 2 | |
| Arcane Vault | 1 | |
| Lumber Mill | 1 | |
| Scout Tower | 1 | |
| Arcane Tower | 2 | |
| Keep | 1 | |
| Town Hall | 1 | |
| Workshop | 2 | |
| Castle | 1 | |
23 total
» build order
02:09 Altar of Kings
02:10 Farm
02:14 Blacksmith
02:22 Barracks
02:25 Barracks
02:32 Arcane Vault
02:34 Lumber Mill
02:39 Scout Tower
03:06 Arcane Tower
03:06 Arcane Tower
03:13 Farm
03:51 Farm
04:01 Farm
04:46 Keep
05:27 Farm
06:45 Town Hall
07:03 Farm
07:16 Workshop
07:22 Workshop
08:18 Castle
10:22 Farm
11:34 Farm
12:01 Farm
» items
| Scroll of Regeneration | 2 | |
| Lesser Clarity Potion | 1 | |
| Scroll of Town Portal | 1 | |
4 total
Chat log
(00:31 / Allies) pauperofthesurf: hi
(00:35 / Allies) WarFreakz: hi
(01:17 / Allies) pauperofthesurf: im going to rexpo
(01:25 / Allies) WarFreakz: me2
(01:33 / Allies) WarFreakz: which u want?
(01:39 / Allies) pauperofthesurf: C
(01:43 / Allies) pauperofthesurf: Can i get 100 g
(05:09 / All) Baskee: Alright Who Wants Some!
(05:24 / All) fortuneteller: penis
(07:45 / Allies) pauperofthesurf: lumber?
(08:51 / Allies) OrderInChaos: yellow probably going bats
(09:09 / Allies) pauperofthesurf: wyvs for yello
(10:03 / Allies) OrderInChaos: help
(10:33 / Allies) pauperofthesurf: lubmer
(10:50 / Allies) pauperofthesurf: quick lumber
(11:17 / Allies) pauperofthesurf: more?
(11:17 / Allies) pauperofthesurf: 100?
(11:43 / Allies) WarFreakz: empty
(12:16 / Allies) WarFreakz: gold?
(12:17 / Allies) OrderInChaos: yellow mhs
(12:28 / Allies) OrderInChaos: watch
(13:02 / Allies) tinkdo: too many peons
(13:56 / Allies) WarFreakz: wood?
(14:18 / Allies) pauperofthesurf: b
(14:32 / Allies) pauperofthesurf: luber
(15:52 / Allies) pauperofthesurf: leave it
(16:06 / Allies) pauperofthesurf: go
(16:37 / All) Baskee: gg
(16:43 / All) pauperofthesurf: gg nubs
(17:46 / All) OrderInChaos: mh didn't help this time, eh yellow?
(18:56 / All) OrderInChaos: lol
(19:38 / All) OrderInChaos: lol
(19:43 / Allies) pauperofthesurf: jesus
(19:43 / All) pauperofthesurf: faggot
(19:43 / All) OrderInChaos: mh and rop hack what a winner
(19:47 / All) WarFreakz: lol
(19:52 / All) OrderInChaos: this is how
(19:57 / Allies) pauperofthesurf: no idea
(20:01 / Allies) pauperofthesurf: well 1 gone lol
(20:05 / Allies) pauperofthesurf: guys